 Dungeon Crawl Stone Soup version 0.21.0 (webtiles) character file.

157763 Haldmier the Nimble (level 17, -9/100 HPs)
             Began as a Deep Elf Artificer on Jan 7, 2018.
             Was the Champion of Ashenzari.
             Mangled by a merfolk impaler
             ... wielding a +5 trident of flaming
              (16 damage)
             ... on level 4 of the Shoals on Jan 8, 2018.
             The game lasted 05:06:48 (42248 turns).

Haldmier the Nimble (Deep Elf Artificer)           Turns: 42248, Time: 05:06:49

Health: -9/100     AC: 12    Str: 21    XL:     17   Next: 13%
Magic:  28/35      EV: 24    Int: 25    God:    Ashenzari [******]
Gold:   1413       SH: 11    Dex: 15    Spells: 4/40 levels left

rFire    . . .     SeeInvis +   D - +5 falchion of the Dungeon {slice, +Inv rElec rN+ Str+3}
rCold    + + .     Gourm    .   C - +1 buckler {reflect}
rNeg     + + .     Faith    .   Y - +0 troll leather armour
rPois    .         Spirit   .   S - +0 mask of the Dragon {MR+ Slay+3 SInv} (curse)
rElec    +         Reflect  +   K - +2 cloak {+Inv} (curse)
rCorr    .         Harm     .   k - +2 pair of gloves "Zyen Hut" {Str+5} (curse)
MR       ++...     Clarity  +   E - +0 pair of boots
Stlth    +++++.....             l - amulet "Tagraamm" {Reflect rC+ Str+2 SH+5} (curse)
HPRegen  0.66/turn              M - ring of protection from cold
MPRegen  0.24/turn              W - ring of the Insatiable Lies {rN+ Int+3 Stlth+} (curse)

@: no status effects
A: no striking features
a: Curse Item, Scrying, Transfer Knowledge, Renounce Religion, Evoke
Invisibility


You were on level 4 of the Shoals.
You worshipped Ashenzari.
Ashenzari was exalted by your worship.
You were not hungry.

You visited 5 branches of the dungeon, and saw 28 of its levels.
You also visited: Bailey and Ice Cave.

You collected 3915 gold pieces.
You spent 2502 gold pieces at shops.

Inventory:

Hand Weapons
 h - a +2 rapier of speed
 D - the +5 falchion of the Dungeon (weapon) {slice, +Inv rElec rN+ Str+3}
   (You found it in an ice cave)

   It inflicts extra damage upon your enemies.
   It affects your strength (+3).
   It insulates you from electricity.
   It protects you from negative energy.
   It lets you turn invisible.
 G - a +3 rapier of freezing
 I - a +3 rapier of flaming
Missiles
 O - 5 throwing nets (quivered)
Armour
 k - the cursed +2 pair of gloves "Zyen Hut" (worn) {Str+5}
   (You acquired it on level 6 of the Dungeon)

   It affects your strength (+5).
   It has a curse placed upon it.
 C - a +1 buckler of reflection (worn)
 E - a +0 pair of boots (worn)
 K - a cursed +2 cloak of invisibility (worn)
 S - the cursed +0 mask of the Dragon (worn) {MR+ Slay+3 SInv}
   (You found it on level 8 of the Dungeon)

   It affects your accuracy and damage with ranged weapons and melee attacks
   (+3).
   It affects your resistance to hostile enchantments.
   It lets you see invisible.
   It has a curse placed upon it.
 Y - a +0 troll leather armour (worn)
Jewellery
 l - the cursed amulet "Tagraamm" (around neck) {Reflect rC+ Str+2 SH+5}
   (You bought it in a shop on level 2 of the Orcish Mines)

   [amulet of reflection]

   It shields you and reflects attacks.
   It affects your strength (+2).
   It protects you from cold.
   It affects your SH (+5).
   It has a curse placed upon it.
 M - a ring of protection from cold (left hand)
 W - the cursed ring of the Insatiable Lies (right hand) {rN+ Int+3 Stlth+}
   (You bought it in a shop on level 2 of the Orcish Mines)

   [ring of positive energy]

   It affects your intelligence (+3).
   It protects you from negative energy.
   It makes you more stealthy.
   It has a curse placed upon it.
Wands
 a - a wand of paralysis (21)
 b - a wand of iceblast (39)
 d - a wand of enslavement (21)
 e - a wand of polymorph (13)
 j - a wand of clouds (7)
 B - a wand of acid (8)
 F - a wand of digging (22)
Scrolls
 g - a scroll of summoning
 n - a scroll of silence
 o - 4 scrolls of magic mapping
 p - 5 scrolls of blinking
 s - 10 scrolls of identify
 u - 2 scrolls of fog
 x - 17 scrolls of teleportation
 y - 6 scrolls of remove curse
 L - a scroll of fear
 N - a scroll of torment
Potions
 c - a potion of resistance
 i - 5 potions of flight
 m - 3 potions of might
 q - a potion of ambrosia
 r - 3 potions of heal wounds
 t - 4 potions of curing
 w - 6 potions of haste
 z - 2 potions of invisibility
 A - a potion of agility
 U - a potion of berserk rage
 V - 6 potions of brilliance
 X - 5 potions of cancellation
Miscellaneous
 H - a phial of floods
 J - a crystal ball of energy
Comestibles
 f - 32 rations


   Skills:
 - Level 9.0 Fighting
 - Level 9.8(11.5) Short Blades
 + Level 9.3(10.8) Long Blades
 - Level 4.0 Armour
 - Level 14.8(17.4) Dodging
 - Level 7.6(10.6) Stealth
 - Level 4.0 Shields
 - Level 12.0 Spellcasting
 - Level 9.1(12.0) Conjurations
 - Level 5.0(8.0) Hexes
 - Level 5.0(8.0) Charms
 - Level 5.0(8.0) Summonings
 - Level 8.0(11.0) Necromancy
 - Level 3.0(5.6) Translocations
 - Level 4.0(6.8) Fire Magic
 - Level 9.1(12.0) Ice Magic
 - Level 7.9(11.0) Air Magic
 - Level 7.0(10.1) Earth Magic
 - Level 3.0(5.6) Poison Magic
 - Level 7.0(10.1) Evocations


You had 4 spell levels left.
You knew the following spells:

 Your Spells              Type           Power        Failure   Level  Hunger
a - Magic Dart            Conj           ####         1%          1    None
b - Confuse               Hex            ######..     1%          3    None
c - Blink                 Tloc           N/A          1%          2    None
d - Conjure Flame         Conj/Fire      ######..     1%          3    None
e - Regeneration          Chrm/Necr      ######....   1%          3    None
f - Mephitic Cloud        Conj/Pois/Air  ######..     1%          3    None
g - Stone Arrow           Conj/Erth      ######       1%          3    None
h - Freezing Cloud        Conj/Ice/Air   ######....   5%          6    #####..
i - Animate Skeleton      Necr           N/A          1%          1    None
j - Swiftness             Chrm/Air       ######..     1%          2    None
k - Summon Lightning Spi  Summ/Air       ######..     1%          4    None
l - Borgnjor's Vile Clut  Necr/Erth      ######....   1%          5    ###....


Dungeon Overview and Level Annotations

Branches:
Dungeon (15/15)            Temple (1/1) D:5            Lair (6/6) D:9
 Shoals (4/4) Lair:2        Snake (0/4) Lair:4        Slime (0/5) Lair:6
    Orc (2/2) D:9             Elf (0/3) Orc:2        Vaults (0/5) D:13
 Depths (0/5) D:15

Altars:
Ashenzari
Cheibriados
Dithmenos
Elyvilon
Fedhas
Gozag
Hepliaklqana
Kikubaaqudgha
Makhleb
Nemelex Xobeh
Okawaru
Qazlal
Ru
Sif Muna
Trog
Uskayaw
Vehumet
Wu Jian
Xom
Yredelemnul
Zin
The Shining One
Beogh

Shops:
D:11 [   D:12 *   Orc:2 (!:=   Shoals:1 *

Annotations:
D:5 exclusion: downstairs
D:6 Room behind Crystal, exclusion: statue
D:8 1 runed door - Vault with 2 Frost ginats and others


Message History

Aiming: Borgnjor's Vile Clutch
Press: ? - help, Dir - move target cursor, f - merfolk impaler
Aim: a merfolk impaler, wielding a trident of flaming and wearing a leather armour Decaying hands burst forth from the earth!
Zombie hands grab the merfolk impaler.
The zombie hands constrict the merfolk impaler!
The merfolk hits you from afar with a spear!
The merfolk impaler hits you with a trident of flaming!!
The merfolk impaler burns you!
Casting: Borgnjor's Vile Clutch
Confirm with . or Enter, or press ? or * to list all spells.
You blink.
The zombie hands constrict the merfolk impaler.
The merfolk hits you from afar with a spear.
The merfolk impaler hits you from afar with a trident of flaming!!
* * * LOW HITPOINT WARNING * * *
The merfolk impaler burns you!
* * * LOW HITPOINT WARNING * * *
The merfolk impaler hits you from afar with a trident of flaming!
You die...

........≈≈≈≈≈(#≈.≈≈≈≈≈≈≈≈≈≈≈≈≈≈≈≈
....(...≈≈≈≈≈≈##≈≈≈≈≈≈≈≈≈≈≈≈≈≈≈≈≈
......##≈≈≈≈≈≈≈##≈≈≈≈≈≈≈≈≈≈≈≈≈≈≈≈
......(##(....)≈≈≈≈≈≈≈≈≈≈≈≈≈≈≈≈ ≈
.....(.m#.......≈≈≈≈≈≈≈≈≈≈≈≈≈≈ ≈
.......P....PPPP.≈≈≈≈≈≈≈≈≈ ≈ ≈ ≈
......(.....PPPP.≈≈≈≈≈≈≈≈≈≈ ≈≈≈
......)....#P....≈≈≈≈≈≈≈≈≈≈≈ ≈ ≈
≈....()......(..@≈≈≈≈≈≈≈≈≈≈≈ ≈
≈.............m..≈≈≈≈≈≈≈≈≈≈ ≈ ≈≈
≈≈≈≈...........§.m≈≈≈≈≈≈≈≈≈ ≈ ≈
≈≈≈≈..........(..≈≈≈≈≈≈≈≈≈≈≈ ≈ ≈≈
≈≈≈≈≈≈...........)≈≈≈≈≈≈≈≈≈≈ ≈≈
≈≈≈≈.≈..........≈≈(≈≈≈≈≈≈≈≈ ≈≈ ≈≈
≈≈≈≈≈.≈............(≈≈≈≈≈≈≈ ≈≈≈≈≈
≈ ≈ ≈≈≈..##P.....≈[≈≈≈≈≈≈≈ ≈≈ ≈ ≈
≈ ≈≈.PPP##PP...≈≈((≈≈≈≈ ≈≈ ≈


You could see a merfolk impaler and a merfolk.

Vanquished Creatures
  An Ice Fiend (IceCv)
  4 krakens (Shoals:3)
  Kirke (D:14)
  The ghost of Nicoed the Executioner, a journeyman HOBe of Trog (D:15)
  The ghost of Inarius the Frost Mage, a journeyman DrIE of Hepliaklqana (Lair:3)
  2 merfolk javelineers
  7 merfolk impalers
  Josephine (Orc:2)
  An ogre mage (D:15)
  4 hydras
  Erolcha (D:12)
  Harold (Lair:2)
  11 two-headed ogres
  2 merfolk avatars
  2 merfolk aquamancers (Shoals:3)
  3 centaur warriors
  5 tengu warriors
  4 death yaks
  A queen ant (Lair:3)
  3 orc high priests (Orc:2)
  A death knight (D:14)
  Urug (D:10)
  An unseen horror (D:15)
  20 sea snakes
  2 wizards (D:15)
  2 orc sorcerers (Orc:2)
  6 orc knights
  10 harpies (Shoals:2)
  Pikel (D:8)
  4 deep elf magi
  5 ugly things
  19 fauns
  4 cyclopes
  2 oklob plants (Lair:6)
  18 manticores
  5 elephants
  2 ice statues
  11 merfolk sirens
  6 black mambas
  A centaur zombie (D:15)
  A torpor snail (Lair:4)
  7 water nymphs
  A naga mage (D:15)
  A molten gargoyle (D:14)
  Maurice (D:7)
  12 spiny frogs
  2 gargoyles (D:15)
  A kobold demonologist (D:15)
  2 centaur skeletons
  2 freezing wraiths
  4 rime drakes
  4 komodo dragons
  4 anaconda simulacra (IceCv)
  A golden dragon simulacrum (IceCv)
  29 merfolk
  4 ice devils (IceCv)
  2 trolls
  4 polar bears (Lair:6)
  3 hornets
  4 wind drakes
  16 hippogriffs
  8 blink frogs
  12 slime creatures
  14 dream sheep
  4 snapping turtles
  A vampire (D:15)
  A wyvern (Lair:6)
  3 shadows
  A dire elephant simulacrum (IceCv)
  4 basilisks
  8 wraiths
  9 water elementals
  34 yaks
  3 hogs (D:14)
  12 vampire mosquitoes
  Menkaure (D:6)
  A steam dragon (D:12)
  16 humans
  4 hungry ghosts
  2 death yak simulacra (IceCv)
  4 harpy simulacra (IceCv)
  5 soldier ants
  2 wargs (Orc:1)
  An acid dragon (D:13)
  2 nagas (Lair:4)
  3 hydra simulacra (IceCv)
  2 iron troll simulacra (IceCv)
  11 water moccasins
  4 porcupines
  2 eyes of draining
  A black bear (D:8)
  A hornet zombie (D:6)
  26 orc warriors
  4 sky beasts
  3 slaves
  14 ogres
  An alligator simulacrum (IceCv)
  14 killer bees
  A necrophage (D:8)
  5 ice beasts
  3 phantoms
  9 wolves
  12 centaurs
  11 crocodiles
  5 big kobolds
  13 bullfrogs
  4 scorpions
  A swamp dragon simulacrum (IceCv)
  4 wights
  5 howler monkeys
  2 electric eels
  10 crimson imps
  2 bullfrog zombies
  A draconian simulacrum (IceCv)
  4 hounds
  4 jellies
  14 orc priests
  A bullfrog skeleton (D:10)
  24 orc wizards
  3 gnoll shamans (D:7)
  3 iguanas
  4 hell rats (Lair:2)
  29 worker ants
  2 spriggan simulacra (IceCv)
  6 troll simulacra (IceCv)
  A polar bear simulacrum (IceCv)
  A wolf simulacrum (IceCv)
  2 hound zombies
  8 gnolls
  A howler monkey skeleton (D:5)
  2 ogre simulacra (IceCv)
  6 adders
  3 naga simulacra (IceCv)
  4 shadow imps
  6 white imps (IceCv)
  3 ufetubi (IceCv)
  An ooze (D:2)
  An adder skeleton (D:8)
  4 worms
  4 dart slugs
  2 leopard geckos
  91 orcs
  9 bats
  A giant cockroach (D:1)
  13 goblins
  9 hobgoblins
  5 jackals (D:1)
  6 quokkas
  3 ball pythons
  5 frilled lizards
  2 jackal skeletons
  26 kobolds
  A quokka skeleton (D:5)
  A quokka zombie (D:7)
  A rat (D:2)
  A fire vortex (D:14)
  3 fungi (D:7)
  14 plants
  2 tentacles (Shoals:3)
944 creatures vanquished.

Vanquished Creatures (collateral kills)
  The ghost of xight the Eclecticist, a journeyman DEFE of Vehumet (Orc:2)
  A faun (Shoals:3)
  2 ugly things (D:15)
  A manticore (Lair:6)
  A vampire mosquito (D:15)
  An orc warrior (D:7)
  2 centaurs (D:15)
  2 killer bees
  A crimson imp (D:7)
  2 orc wizards
  An adder (D:2)
  2 orcs (Orc:2)
  A bat (D:2)
18 creatures vanquished.

Vanquished Creatures (others)
  A merfolk javelineer (Shoals:2)
  3 fauns
  An orc sorcerer (Orc:2)
  A water elemental (Shoals:4)
  A human (D:14)
  A slave (D:8)
  2 centaurs
  A killer bee (D:8)
  3 orc priests
  An orc wizard (Orc:2)
  2 white imps (IceCv)
  5 ufetubi (IceCv)
  2 orcs (D:8)
  11 fungi
  59 plants
  53 tentacles (Shoals:3)
147 creatures vanquished.

Grand Total: 1109 creatures vanquished

Notes
Turn   | Place    | Note
-------+----------+-------------------------------------------
     0 | D:1      | Haldmier the Deep Elf Artificer began the quest for the Orb.
     0 | D:1      | Reached XP level 1. HP: 11/11 MP: 5/5
   487 | D:1      | Reached XP level 2. HP: 3/16 MP: 6/6
   513 | D:1      | Reached skill level 1 in Fighting
  1195 | D:1      | Reached XP level 3. HP: 17/20 MP: 7/7
  1937 | D:2      | Found a shattered altar of Ashenzari.
  1943 | D:2      | Became a worshipper of Ashenzari the Shackled
  2592 | D:2      | Reached skill level 3 in Dodging
  2592 | D:2      | Reached XP level 4. HP: 8/25 MP: 8/8
  3676 | D:2      | You fall through a shaft!
  3766 | D:3      | Found an opulent altar of Gozag.
  4381 | D:2      | Reached XP level 5. HP: 29/29 MP: 9/9
  4531 | D:2      | Reached skill level 1 in Long Blades
  4797 | D:4      | Found an ornate altar of the Wu Jian Council.
  4950 | D:4      | Found an iron altar of Okawaru.
  5562 | D:5      | Entered Level 5 of the Dungeon
  6263 | D:5      | Reached * piety under Ashenzari
  6333 | D:5      | Noticed an ogre
  6355 | D:5      | Killed an ogre
  6355 | D:5      | Reached skill level 4 in Dodging
  6355 | D:5      | Reached XP level 6. HP: 19/35 MP: 11/11
  6536 | D:5      | Learned a level 3 spell: Confuse
  6568 | D:5      | Learned a level 1 spell: Magic Dart
  6680 | D:5      | Got the flail of Railuqur {protect, rF++ rC+ Dex+3}
  6749 | D:5      | Identified the +3 flail of Railuqur {protect, rF++ rC+ Dex+3} (You found it on level 5 of the Dungeon)
  6924 | D:5      | Found a staircase to the Ecumenical Temple.
  6929 | Temple   | Entered the Ecumenical Temple
  7083 | D:6      | Noticed an ice beast
  7083 | D:6      | Noticed a sky beast
  7171 | D:6      | Got the uncursed ring mail of Isseajil {rF+ rN+ MR- rCorr}
  7203 | D:6      | Identified the +2 ring mail of Isseajil {rF+ rN+ MR- rCorr} (You found it on level 6 of the Dungeon)
  7497 | D:6      | Noticed Menkaure
  7501 | D:6      | Killed Menkaure
  7501 | D:6      | Reached skill level 1 in Spellcasting
  7501 | D:6      | Reached skill level 1 in Conjurations
  7501 | D:6      | Reached skill level 1 in Hexes
  7501 | D:6      | Reached XP level 7. HP: 22/40 MP: 12/12
  8196 | D:6      | Identified a scroll of acquirement
  8196 | D:6      | Identified the cursed +2 pair of gloves "Zyen Hut" {Str+5} (You acquired it on level 6 of the Dungeon)
  8222 | D:6      | Noticed a kobold demonologist
  8222 | D:6      | Noticed a yak
  8424 | D:6      | Found a radiant altar of Vehumet.
  8428 | D:6      | Learned a level 2 spell: Blink
  8599 | D:6      | Reached skill level 5 in Evocations
  8934 | D:7      | Reached XP level 8. HP: 34/45 MP: 9/14
  9022 | D:7      | Reached skill level 1 in Translocations
  9160 | D:7      | Found a blossoming altar of Fedhas.
  9338 | D:7      | Reached skill level 5 in Dodging
  9391 | D:7      | Learned a level 3 spell: Conjure Flame
  9461 | D:7      | Reached skill level 5 in Hexes
  9852 | D:6      | Reached skill level 1 in Fire Magic
 10170 | D:6      | Learned a level 3 spell: Regeneration
 10239 | D:7      | Reached skill level 1 in Charms
 10526 | D:7      | Reached skill level 1 in Necromancy
 10601 | D:7      | Reached skill level 5 in Conjurations
 10611 | D:7      | Learned a level 3 spell: Mephitic Cloud
 10693 | D:7      | Reached XP level 9. HP: 51/51 MP: 10/17
 11146 | D:7      | Reached skill level 5 in Spellcasting
 11553 | D:7      | Reached skill level 1 in Poison Magic
 11659 | D:7      | Reached skill level 1 in Air Magic
 12117 | D:8      | Reached ** piety under Ashenzari
 12117 | D:8      | Noticed Maurice
 12293 | D:7      | Paralysed by something for 3 turns
 12315 | D:7      | Killed Maurice
 12315 | D:7      | Reached skill level 1 in Shields
 12418 | D:8      | Reached XP level 10. HP: 58/58 MP: 8/20
 12480 | D:8      | Found a bloodstained altar of Trog.
 13006 | D:8      | Noticed Pikel
 13110 | D:8      | Killed Pikel
 13110 | D:8      | Reached skill level 5 in Short Blades
 13179 | D:8      | Reached skill level 5 in Charms
 13305 | D:8      | Found the +0 mask of the Dragon {MR+ Slay+3 SInv}
 13669 | D:8      | Found a runed door.
 13669 | D:8      | Noticed a wolf spider
 13669 | D:8      | Noticed a fire crab
 13671 | D:8      | Noticed a frost giant
 13671 | D:8      | Noticed a frost giant
 13671 | D:8      | Noticed a seven-headed hydra
 13672 | D:8      | Found the +7 longbow "Piercer" {penet, EV-2}
 13903 | D:8      | Learned a level 3 spell: Stone Arrow
 14124 | D:9      | Noticed a two-headed ogre
 14161 | D:9      | Killed a two-headed ogre
 14161 | D:9      | Reached skill level 5 in Fighting
 14281 | D:9      | Noticed a two-headed ogre
 14323 | D:9      | Killed a two-headed ogre
 14698 | D:9      | Found a staircase to the Lair.
 14799 | D:9      | Noticed an elephant
 14806 | D:9      | Killed an elephant
 14806 | D:9      | Reached XP level 11. HP: 56/63 MP: 18/22
 14950 | D:9      | Found a staircase to the Orcish Mines.
 15763 | D:10     | Entered Level 10 of the Dungeon
 15779 | D:10     | Learned a level 1 spell: Sandblast
 15781 | D:10     | Learned a level 1 spell: Animate Skeleton
 16251 | D:10     | Noticed Urug
 16264 | D:10     | Killed Urug
 16346 | D:10     | Noticed a two-headed ogre
 16354 | D:10     | Killed a two-headed ogre
 16354 | D:10     | Reached skill level 5 in Stealth
 16765 | D:10     | Got the uncursed leather armour of the Crushed Princes {Str-2 Int+5}
 16956 | Lair:1   | Entered Level 1 of the Lair of Beasts
 16993 | Lair:1   | Identified the +2 leather armour of the Crushed Princes {Str-2 Int+5} (You found it on level 10 of the Dungeon)
 17677 | Lair:1   | Reached skill level 1 in Armour
 18363 | Lair:1   | Learned a level 2 spell: Swiftness
 18390 | Lair:2   | Found a staircase to the Shoals.
 18512 | Lair:2   | Reached *** piety under Ashenzari
 18583 | Lair:2   | Reached skill level 6 in Dodging
 18583 | Lair:2   | Reached XP level 12. HP: 68/68 MP: 17/25
 18997 | Lair:2   | Noticed Harold
 19166 | Lair:2   | Killed Harold
 19166 | Lair:2   | Reached skill level 7 in Dodging
 19952 | Lair:3   | Reached skill level 8 in Dodging
 20005 | Lair:3   | Reached skill level 10 in Spellcasting
 20226 | Lair:3   | Reached skill level 9 in Dodging
 20271 | Lair:3   | Reached **** piety under Ashenzari
 20323 | Lair:3   | Noticed a queen ant
 20345 | Lair:3   | Killed a queen ant
 20547 | Lair:3   | Noticed Inarius's ghost (journeyman DrIE)
 20584 | Lair:3   | Killed Inarius's ghost
 20584 | Lair:3   | Reached skill level 10 in Dodging
 20985 | Lair:1   | Learned a level 4 spell: Summon Lightning Spire
 20991 | Lair:1   | Learned a level 5 spell: Borgnjor's Vile Clutch
 21094 | Lair:4   | Noticed an eight-headed hydra
 21185 | Lair:4   | Reached skill level 1 in Summonings
 21354 | Lair:4   | Killed an eight-headed hydra
 21511 | Lair:4   | Found a staircase to the Snake Pit.
 21593 | Lair:4   | Reached skill level 11 in Dodging
 21652 | Lair:4   | Reached XP level 13. HP: 72/72 MP: 29/29
 21836 | Lair:4   | HP: 1/72 [black mamba (18)]
 22343 | Lair:4   | Reached skill level 5 in Air Magic
 22622 | Lair:5   | Reached skill level 1 in Earth Magic
 23209 | Lair:6   | Entered Level 6 of the Lair of Beasts
 23209 | Lair:6   | Reached ***** piety under Ashenzari
 23350 | Lair:6   | Reached skill level 5 in Summonings
 23377 | Lair:5   | Reached skill level 5 in Necromancy
 23693 | Lair:6   | Reached skill level 12 in Dodging
 23699 | Lair:6   | Identified the +2 great mace of Spite {flame, rF+ MR- Dex+6}
 24370 | Lair:6   | Reached skill level 5 in Earth Magic
 24891 | Lair:6   | Reached XP level 14. HP: 78/78 MP: 13/30
 24960 | Lair:6   | Identified the +3 shortbow of Kismet {flame, rElec rF+}
 25007 | Lair:6   | Found a staircase to the Slime Pits.
 25900 | D:11     | Reached skill level 13 in Dodging
 26054 | D:11     | HP: 3/78 [red ugly thing (16)]
 26199 | D:11     | Found a flagged portal.
 26225 | Bailey   | Entered a bailey
 26302 | Bailey   | Found a burning altar of Makhleb.
 26891 | D:11     | Found Angicuci's Antique Armour Shop.
 27465 | Orc:1    | Entered Level 1 of the Orcish Mines
 27745 | Orc:2    | Entered Level 2 of the Orcish Mines
 27751 | Orc:2    | Noticed xight's ghost (journeyman DEFE)
 27900 | Orc:2    | Noticed Josephine
 27917 | Orc:2    | Found a roughly hewn altar of Beogh.
 28040 | Orc:2    | Killed xight's ghost
 28776 | Orc:2    | Found a staircase to the Elven Halls.
 29025 | Orc:2    | Killed Josephine
 29025 | Orc:2    | Reached skill level 14 in Dodging
 29707 | Orc:2    | Found Pofid's Jewellery Shoppe.
 29707 | Orc:2    | Found Lorchobeg's Book Shop.
 29709 | Orc:2    | Found Silotus's Distillery.
 29709 | Orc:2    | Found Pukuemin's Weapon Shop.
 29730 | Orc:2    | Bought the amulet "Tagraamm" {Reflect rC+ Str+2 SH+5} for 950 gold pieces
 29730 | Orc:2    | Bought the ring of the Insatiable Lies {rN+ Int+3 Stlth+} for 577 gold pieces
 29751 | Orc:2    | Bought a book of Ice for 975 gold pieces
 30563 | D:12     | Found Ytynu's Assorted Antiques.
 30640 | D:12     | Noticed Erolcha
 30649 | D:12     | Killed Erolcha
 30887 | D:12     | Reached ****** piety under Ashenzari
 31454 | D:13     | Found a gate to the Vaults.
 32534 | D:14     | Reached XP level 15. HP: 72/85 MP: 29/33
 32636 | D:14     | Noticed Kirke
 32659 | D:14     | Noticed a sphinx
 32662 | D:14     | Killed Kirke
 33179 | Lair:1   | Learned a level 6 spell: Freezing Cloud
 33686 | D:14     | Reached skill level 1 in Ice Magic
 34077 | D:15     | Entered Level 15 of the Dungeon
 34340 | D:15     | Noticed Nicoed's ghost (journeyman HOBe)
 34369 | D:15     | Killed Nicoed's ghost
 34646 | D:15     | Reached skill level 5 in Ice Magic
 34774 | D:15     | Identified the +0 hunting sling of Hosaem {venom, rN++ Str+5}
 34981 | D:15     | Found a staircase to the Depths.
 35251 | Shoals:1 | Entered Level 1 of the Shoals
 35685 | Shoals:2 | Identified the +6 mace "Gram" {freeze, +Blink SInv}
 36354 | Shoals:1 | Reached XP level 16. HP: 94/94 MP: 12/34
 36598 | Shoals:1 | Found Lguedung's Luxury Loot.
 37754 | Shoals:3 | Noticed a kraken
 37754 | Shoals:3 | Noticed a kraken
 37754 | Shoals:3 | Noticed a kraken
 37754 | Shoals:3 | Noticed a kraken
 37838 | Shoals:3 | Found a frozen archway.
 37915 | IceCv    | Entered an ice cave
 38785 | IceCv    | Noticed an Ice Fiend
 39160 | IceCv    | Identified the +5 falchion of the Dungeon {slice, +Inv rElec rN+ Str+3}
 39162 | IceCv    | Killed an Ice Fiend
 39764 | Shoals:3 | Killed a kraken
 40018 | Shoals:3 | Killed a kraken
 40184 | Shoals:3 | Killed a kraken
 40184 | Shoals:3 | Reached skill level 5 in Long Blades
 40652 | Shoals:3 | Killed a kraken
 41114 | Shoals:4 | Entered Level 4 of the Shoals
 41611 | Shoals:3 | Reached XP level 17. HP: 99/100 MP: 28/35
 42248 | Shoals:4 | Mangled by a merfolk impaler

Skill      XL: |  1  2  3  4  5  6  7  8  9 10 11 12 13 14 15 16 17 |
---------------+----------------------------------------------------+-----
Fighting       | 1 2 3 4 5 6 8 9 |  9.0
Short Blades   | 2 4 7 9 |  9.8
Stealth        | 2 3 7 |  7.6
Dodging        | 3 4 5 6 11 12 14 | 14.8
Evocations     | 4 5 6 7 |  7.0
Long Blades    | 2 8 9 |  9.3
Spellcasting   | 1 2 4 5 6 7 10 12 | 12.0
Conjurations   | 1 3 5 8 9 |  9.1
Hexes          | 1 4 5 |  5.0
Translocations | 2 3 |  3.0
Fire Magic     | 2 3 4 |  4.0
Charms         | 2 4 5 |  5.0
Necromancy     | 1 3 4 6 8 |  8.0
Poison Magic   | 2 3 |  3.0
Air Magic      | 1 3 4 5 6 7 |  7.9
Shields        | 1 4 |  4.0
Armour         | 2 4 |  4.0
Summonings     | 2 5 |  5.0
Earth Magic    | 5 7 |  7.0
Ice Magic      | 8 9 |  9.1

Action                   |  1- 3 |  4- 6 |  7- 9 | 10-12 | 13-15 | 16-18 || total
-------------------------+-------+-------+-------+-------+-------+-------++-------
Melee: Short sword       |   137 |   144 |       |       |       |       ||   281
       Long sword        |       |    56 |       |       |       |       ||    56
       Flail             |       |    10 |   202 |       |       |       ||   212
       Rapier            |       |       |   273 |   966 |  1978 |   509 ||  3726
       Falchion          |       |       |       |       |       |   236 ||   236
Throw: Stone             |     7 |     2 |     2 |       |       |       ||    11
 Cast: Magic Dart        |       |     1 |    84 |   173 |   147 |    87 ||   492
       Confuse           |       |       |    19 |    55 |    47 |    15 ||   136
       Regeneration      |       |       |    15 |    37 |    85 |    50 ||   187
       Mephitic Cloud    |       |       |     6 |    24 |    38 |       ||    68
       Conjure Flame     |       |       |     2 |    29 |    25 |    14 ||    70
       Blink             |       |       |       |     8 |    14 |     9 ||    31
       Stone Arrow       |       |       |       |    21 |    33 |    13 ||    67
       Sandblast         |       |       |       |     6 |    12 |       ||    18
       Summon Lightning  |       |       |       |       |    12 |     6 ||    18
       Borgnjor's Vile C |       |       |       |       |    38 |    63 ||   101
       Swiftness         |       |       |       |       |     1 |     2 ||     3
       Freezing Cloud    |       |       |       |       |     2 |    13 ||    15
Invok: Curse Item        |       |       |       |     3 |     2 |       ||     5
       Scrying           |       |       |       |       |     1 |       ||     1
 Abil: Evoke Invisibilit |       |       |       |     2 |     2 |       ||     4
Evoke: Wand              |     9 |    24 |     4 |     3 |     2 |     3 ||    45
  Use: Scroll            |     5 |     7 |     7 |     7 |     7 |     2 ||    35
       Potion            |       |       |     2 |     1 |     1 |     2 ||     6
 Stab: Sleeping          |     4 |     2 |       |     9 |    49 |    12 ||    76
       Confused          |       |     3 |    22 |    45 |    44 |    11 ||   125
       Paralysed         |       |     1 |       |       |     2 |       ||     3
       Betrayed ally     |       |     1 |       |       |       |       ||     1
       Invisible         |       |       |       |     7 |     4 |       ||    11
       Distracted        |       |       |       |       |     4 |       ||     4
  Eat: Chunk             |     5 |    14 |    20 |    35 |    49 |    18 ||   141
       Ration            |       |       |     3 |     1 |     3 |     5 ||    12
Armor: Leather armour    |    15 |       |   110 |    86 |    68 |       ||   279
       Ring mail         |    15 |    67 |    28 |       |       |       ||   110
       Troll leather arm |       |       |       |       |    39 |    58 ||    97
Dodge: Dodged            |    82 |   116 |   284 |   317 |   733 |   397 ||  1929
Block: Buckler           |       |       |       |    69 |   348 |   252 ||   669
       Reflection        |       |       |       |       |    25 |    45 ||    70
       Rpst.: Long sword |       |    13 |       |       |       |       ||    13
       Falchion          |       |       |       |       |       |    41 ||    41
